 Dungeon Crawl Stone Soup version 0.30-a0-23-ge60ba3568b (webtiles) character file.

Game seed: 6298752427698918016

2972 greasedhog the Transmogrifier (level 9, -2/54 HPs)
             Began as a Gargoyle Transmuter on Aug 24, 2022.
             Was an Initiate of Sif Muna.
             Shot with a sling bullet by Joseph (17 damage)
             ... on level 7 of the Dungeon.
             The game lasted 00:15:30 (9749 turns).

greasedhog the Transmogrifier (Gargoyle Transmuter) Turns: 9749, Time: 00:15:31

Health: -2/54      AC: 14    Str: 16    XL:     9   Next: 82%
Magic:  12/12      EV: 11    Int: 16    God:    Sif Muna [......]
Gold:   484        SH:  6    Dex: 10    Spells: 2/12 levels left

rFire   . . .      SeeInvis .      - Unarmed
rCold   . . .      Faith    .    i - +3 buckler "Radghoty" {Rampage rElec rPois rCorr}
rNeg    + . .      Spirit   .    s - +0 leather armour
rPois   ∞          Reflect  .    g - +0 helmet
rElec   +          Harm     .    (no cloak)
rCorr   +          Rampage  +    r - +0 pair of gloves
Will    .....                    u - +0 pair of boots
Stlth   +.........               (no amulet)
HPRegen 0.18/turn                l - ring of resist corrosion
MPRegen 0.13/turn                (no ring)

@: hasted, very quick
A: sickness immunity, AC +6, negative energy resistance 1, electricity
resistance, torment resistance 1, petrification resistance
a: Renounce Religion


You were on level 7 of the Dungeon.
You worshipped Sif Muna.
Sif Muna was noncommittal.
You visited 2 branches of the dungeon, and saw 8 of its levels.

You collected 484 gold pieces.

Inventory:

Hand Weapons
 y - a +0 club
Missiles
 B - 5 atropa-tipped darts
 C - a throwing net
Armour
 g - a +0 helmet (worn)
 i - the +3 buckler "Radghoty" (worn) {Rampage rElec rPois rCorr}
   (You found it on level 3 of the Dungeon)

   rElec:     It insulates you from electricity.
   rPois:     It protects you from poison.
   rCorr:     It protects you from acid and corrosion.
   Rampage:   It bestows one free step when moving towards enemies.
 r - a +0 pair of gloves (worn)
 s - a +0 leather armour (worn)
 u - a +0 pair of boots (worn)
Jewellery
 l - a ring of resist corrosion (left hand)
Wands
 d - a wand of iceblast (3)
 o - a wand of charming (1)
 x - a wand of polymorph (2)
Scrolls
 e - a scroll of enchant armour
 k - 7 scrolls of teleportation
 p - 2 scrolls of amnesia
 q - 2 scrolls of magic mapping
 t - a scroll of poison
 v - a scroll of enchant weapon
 w - 2 scrolls of brand weapon
 A - a scroll of summoning {unknown}
Potions
 a - a potion of cancellation {unknown}
 b - 2 potions of might {unknown}
 c - 4 potions of heal wounds {unknown}
 h - a potion of mutation {unknown}
 j - 2 potions of curing {unknown}
 m - 2 potions of invisibility {unknown}
 n - 3 potions of ambrosia {unknown}


   Skills:
 - Level 5.1 Fighting
 - Level 6.9 Armour
 * Level 2.8 Dodging
 - Level 5.0 Unarmed Combat
 - Level 2.0 Spellcasting
 * Level 8.1 Transmutations


You had 2 spell levels left.
You knew the following spells:

 Your Spells              Type           Power      Damage    Failure   Level
a - Beastly Appendage     Tmut           54%        N/A       1%          1
b - Wereblood             Tmut           27%        N/A       1%          2
c - Spider Form           Tmut/Pois      14%        N/A       19%         3
d - Ice Form              Ice/Tmut       14%        N/A       54%         4

Your spell library contained the following spells:

 Spells                   Type           Power      Damage    Failure   Level
 Apportation              Tloc           2%         N/A       32%         1
 Magic Dart               Conj           4%         1d3       32%         1
 Necrotise                Necr           4%         1d4       32%         1
 Summon Small Mammal      Summ           4%         N/A       32%         1
 Call Imp                 Summ           1%         N/A       45%         2
 Static Discharge         Conj/Air       1%         3-4/arc   45%         2
 Mephitic Cloud           Conj/Pois/Air  1%         N/A       69%         3
 Dispel Undead            Necr           1%         3d6       97%         4
 Sticky Flame             Conj/Fire      1%         2d3       97%         4


Dungeon Overview and Level Annotations

Branches:
Dungeon (7/15)             Temple (1/1) D:6

Altars:
Ashenzari
Cheibriados
Dithmenos
Elyvilon
Fedhas
Gozag
Hepliaklqana
Kikubaaqudgha
Makhleb
Nemelex Xobeh
Sif Muna
Uskayaw
Vehumet
Wu Jian
Xom
Yredelemnul
The Shining One

Annotations:
D:7 Joseph
Temple 2 transporters


Innate Abilities, Weirdness & Mutations

You are immune to sickness and miasma.
Your stone body is resilient. (AC +6)
You are immune to poison.
You resist negative energy. (rN+)
You are resistant to electric shocks. (rElec)
You are resistant to unholy torment.
You are immune to petrification.


Message History

The mass of ice explodes!
The iceblast engulfs Joseph.
Joseph is lightly wounded.
Unknown command.
Aiming: Iceblast
Press: ? - help, Shift-Dir - straight line, f/p - Joseph
Aim: Joseph, wielding a +4 sling of freezing, wearing a +0 ring mail of willpower and carrying a wand of flame (19) (poison gas, lightly wounded)
The mass of ice explodes!
The iceblast engulfs Joseph.
Joseph is lightly wounded.
Joseph is engulfed in poison gas.
Joseph is poisoned.
Joseph shouts, "At last, some action!"
Joseph shoots a sling bullet.
The sling bullet hits you. The sling bullet freezes you.
* * * LOW HITPOINT WARNING * * *
Aiming: Iceblast
Press: ? - help, Shift-Dir - straight line, f/p - Joseph
Aim: Joseph, wielding a +4 sling of freezing, wearing a +0 ring mail of willpower and carrying a wand of flame (19) (poison gas, moderately wounded, poisoned)
The mass of ice explodes!
The iceblast engulfs Joseph!
Joseph is heavily wounded.
Joseph is engulfed in poison gas.
Joseph looks even sicker.
Joseph shoots a sling bullet.
You block the sling bullet.
Aiming: Iceblast
Press: ? - help, Shift-Dir - straight line, f/p - Joseph
Aim: Joseph, wielding a +4 sling of freezing, wearing a +0 ring mail of willpower and carrying a wand of flame (19) (poison gas, heavily wounded, very poisoned)
The mass of ice explodes!
The iceblast engulfs Joseph.
Joseph is severely wounded.
Aiming: Iceblast
Press: ? - help, Shift-Dir - straight line, f/p - Joseph
Aim: Joseph, wielding a +4 sling of freezing, wearing a +0 ring mail of willpower and carrying a wand of flame (19) (poison gas, severely wounded, very poisoned)
The mass of ice explodes!
The iceblast engulfs Joseph!
Joseph is almost dead.
Joseph is engulfed in poison gas.
Joseph looks even sicker.
Joseph zaps a wand.
The puff of flame hits you but does no damage.
Aiming: Iceblast
Press: ? - help, Shift-Dir - straight line, f/p - Joseph
Aim: Joseph, wielding a +4 sling of freezing, wearing a +0 ring mail of willpower and carrying a wand of flame (18) (poison gas, almost dead, very poisoned)
The mass of ice explodes!
The iceblast engulfs Joseph.
Joseph is almost dead.
Joseph is engulfed in poison gas.
Joseph looks as sick as possible!
Joseph shoots a sling bullet.
The sling bullet hits you!
You die...

...@.....# ###.#
.........####...#
...>....... ...#
.........#####§°#
......$.......°§#
..........####.§§##
..........# #..☼°#
..........# #..§@#
..........# #.@#.#
..........# #..#.#
....[.....# #..#@#
..........# ##...#
.......)..# #...#
..........# ###○#
.........<# #..☼#
..........#####.###
................#


You could see Joseph (extremely poisoned).

Vanquished Creatures
  Pikel (D:6)
  Prince Ribbit (D:6)
  A steam dragon (D:7)
  Menkaure (D:5)
  Duvessa (D:6)
  A water moccasin (D:6)
  2 ice beasts
  An orc warrior (D:7)
  2 ogres (D:5)
  A centaur (D:6)
  3 phantoms
  A kobold brigand (D:6)
  A lemure (D:6)
  2 gnoll sergeants
  4 bullfrogs
  A necrophage (D:5)
  A scorpion (D:6)
  A howler monkey (D:7)
  2 hounds
  An orc priest (D:6)
  2 jellies
  3 iguanas
  An orc wizard (D:7)
  Robin (D:3)
  6 adders
  10 gnolls
  A shadow imp (D:3)
  2 white imps
  2 worms
  2 dart slugs (D:1)
  15 orcs
  6 ball pythons
  7 endoplasms
  2 giant cockroaches
  11 goblins
  6 hobgoblins
  3 jackals (D:4)
  10 kobolds
  3 quokkas
  7 bats
  2 frilled lizards (D:1)
  3 rats
134 creatures vanquished.

Vanquished Creatures (collateral kills)
  A ball python (D:3)
  4 goblins (D:3)
  A hobgoblin (D:3)
6 creatures vanquished.

Vanquished Creatures (others)
  An orc wizard (D:7)
  3 fungi (D:1)
  A plant (D:5)
  4 toadstools (D:1)
9 creatures vanquished.

Grand Total: 149 creatures vanquished

Notes
Turn   | Place    | Note
-------+----------+-------------------------------------------
     0 | D:1      | greasedhog the Gargoyle Transmuter began the quest for the
                  | Orb.
     0 | D:1      | Reached XP level 1. HP: 12/12 MP: 3/3
   302 | D:1      | Reached XP level 2. HP: 17/17 MP: 5/5
   407 | D:1      | Reached skill level 2 in Transmutations
  1134 | D:1      | Learned a level 2 spell: Wereblood
  1270 | D:2      | Reached XP level 3. HP: 19/22 MP: 3/6
  1570 | D:2      | Found a faded altar of an unknown god.
  1622 | D:2      | Found a shimmering altar of Xom.
  1858 | D:2      | Reached XP level 4. HP: 26/28 MP: 5/7
  2049 | D:2      | Learned a level 3 spell: Spider Form
  2127 | D:3      | Noticed Robin
  2150 | D:3      | Killed Robin
  2193 | D:3      | Noticed an ice beast
  2217 | D:3      | Killed an ice beast
  2218 | D:3      | Reached skill level 3 in Transmutations
  2218 | D:3      | Reached XP level 5. HP: 18/33 MP: 8/8
  2651 | D:3      | Identified the +3 buckler "Radghoty" {Rampage rElec rPois
                  | rCorr}
  2798 | D:3      | Found a shadowy altar of Dithmenos.
  3144 | D:4      | Reached XP level 6. HP: 35/39 MP: 9/9
  3614 | D:4      | Reached skill level 5 in Fighting
  3614 | D:4      | Reached skill level 4 in Transmutations
  4278 | D:5      | Entered Level 5 of the Dungeon
  4394 | D:5      | Reached XP level 7. HP: 34/44 MP: 10/10
  4457 | D:5      | Noticed Menkaure
  4466 | D:5      | Killed Menkaure
  4834 | D:5      | Reached skill level 5 in Transmutations
  4992 | D:5      | Reached skill level 5 in Unarmed Combat
  4992 | D:5      | Reached XP level 8. HP: 49/49 MP: 8/11
  5104 | D:5      | Reached skill level 1 in Armour
  5902 | D:6      | Reached skill level 6 in Transmutations
  6141 | D:6      | Found a staircase to the Ecumenical Temple.
  6141 | D:6      | Noticed Duvessa
  6141 | D:6      | Noticed Dowan
  6163 | D:6      | Killed Duvessa
  6165 | D:6      | Noticed Dowan
  6165 | D:6      | Dowan changed into Dowan the adder
  6173 | D:6      | Killed Dowan the adder
  6185 | Temple   | Entered the Ecumenical Temple
  6185 | Temple   | Found a transporter.
  6185 | Temple   | Found a transporter.
  6300 | Temple   | Found a transporter.
  6300 | Temple   | Found a transporter.
  6318 | Temple   | Became a worshipper of Sif Muna the Loreminder
  6857 | D:6      | Reached skill level 5 in Armour
  6857 | D:6      | Reached XP level 9. HP: 37/54 MP: 12/12
  7467 | D:7      | Noticed Pikel
  7567 | D:7      | Reached skill level 7 in Transmutations
  7574 | D:7      | Noticed Joseph
  7615 | D:7      | HP: 2/54 [Joseph/sling bullet (3)]
  7933 | D:7      | HP: 2/54 [Joseph/sling bullet (9)]
  9004 | D:7      | Noticed Prince Ribbit
  9027 | D:6      | Killed Pikel
  9143 | D:6      | Killed Prince Ribbit
  9480 | D:7      | Reached skill level 8 in Transmutations
  9487 | D:7      | Learned a level 4 spell: Ice Form
  9749 | D:7      | Shot with a sling bullet by Joseph

Illustrated notes

Levels and vault maps discovered:
D:1:      scummos_arrival_forest, layout_loops_corners, serial_forest,
          infiniplex_forest_zigzag_1, infiniplex_forest_straight_4,
          infiniplex_forest_fountain, infiniplex_forest_lined_room_,
          infiniplex_forest_clump_diagonal, infiniplex_forest_clump_small,
          infiniplex_forest_lined_2, infiniplex_forest_lined_room_3,
          infiniplex_forest_fountain, minmay_gold_behind_fungi
D:2:      layout_loops_cross, basic_altar,
          chequers_ecumenical_altar_simple_redux
D:3:      layout_loops_cross, old_standard_altar, minmay_cupped, uniq_robin
D:4:      layout_basic
D:5:      layout_loops_ring, serial_bayou_pond_a, kennysheep_generic_room_3,
          uniq_menkaure
D:6:      minmay_skewed_foursquare, layout_loops_ring, temple_green,
          uniq_duvessa
D:7:      layout_basic, kennysheep_cross_room, uniq_prince_ribbit1, uniq_joseph,
          uniq_pikel
Temple:   hellmonk_temple_divided_pantheon

Skill      XL: |  1  2  3  4  5  6  7  8  9 |
---------------+----------------------------+-----
Transmutations | 2 3 4 5 6 8 |  8.1
Fighting       | 2 3 4 5 |  5.1
Unarmed Combat | 5 |  5.0
Armour         | 5 6 |  6.9
Dodging        | 2 |  2.8
Spellcasting   | |  2.0

Action                   |  1- 3 |  4- 6 |  7- 9 || total
-------------------------+-------+-------+-------++-------
Melee: Unarmed           |    86 |   184 |   295 ||   565
       Kick              |    13 |    39 |    91 ||   143
       Headbutt          |     9 |    28 |    57 ||    94
       Punch             |     1 |     1 |       ||     2
Throw: Dart              |       |       |     1 ||     1
       Throwing net      |       |       |     1 ||     1
 Cast: Beastly Appendage |    23 |    29 |    31 ||    83
       Wereblood         |       |     5 |    23 ||    28
       Spider Form       |       |       |     4 ||     4
Evoke: Wand              |       |     5 |    13 ||    18
  Use: Scroll            |       |     7 |     5 ||    12
       Potion            |       |     1 |     2 ||     3
 Stab: Sleeping          |     2 |     1 |       ||     3
Armor: Robe              |    23 |    14 |       ||    37
       Skin              |       |     7 |     1 ||     8
       Leather armour    |       |    38 |    76 ||   114
Dodge: Dodged            |    49 |    70 |   126 ||   245
Block: Buckler           |       |    36 |    75 ||   111

Table legend: (Time is in decaauts)
 A = Elapsed time spent in this place.
 B = Non-inter-level travel time spent in this place.
 C = Inter-level travel time spent in this place.
 D = Time resting spent in this place.
 E = Time spent auto-exploring this place.
 F = Levels seen in this place.
 G = Mean time per level.
                   A        B        C        D        E       F      G
               +--------+--------+--------+--------+--------+-----+--------+
         Total |   9713 |   9283 |    430 |   2623 |   5191 |   8 | 1214.1 |
       Dungeon |   9565 |   9135 |    430 |   2623 |   5072 |   7 | 1366.4 |
        Temple |    147 |    147 |      0 |      0 |    119 |   1 |  147.0 |
               +--------+--------+--------+--------+--------+-----+--------+

Top non-repeatable levels by time:
     D:6: 3068 daAuts
     D:5: 1505 daAuts
     D:4: 1368 daAuts
     D:1: 1184 daAuts
     D:3: 1004 daAuts
     D:2: 863 daAuts
     D:7: 570 daAuts
  Temple: 147 daAuts
